 Dungeon Crawl Stone Soup version 0.31-a0-700-gf13585253f (webtiles) character file.

Game seed: 14274474833465149061

1121 qw the Skirmisher (level 8, -2/49 HPs)
             Began as a Gargoyle Hunter on Sept 7, 2023.
             Slain by a gnoll
             ... wielding a +0 flail
             ... led by a gnoll bouda
              (5 damage)
             ... on level 5 of the Dungeon.
             The game lasted 00:01:30 (3695 turns).

qw the Skirmisher (Gargoyle Hunter)                 Turns: 3695, Time: 00:01:30

Health: -2/49      AC: 14    Str: 15    XL:     8   Next: 34%
Magic:  8/8        EV: 11    Int: 10    God:
Gold:   230        SH:  5    Dex: 21    Spells: 7/7 levels left

rFire   . . .        Y - +0 orcbow
rCold   + . .        (shield currently unavailable)
rNeg    + . .        h - +0 ring mail {rC+}
rPois   inf          n - +2 helmet
rElec   +            (no cloak)
rCorr   .            (no gloves)
SInv    .            (no boots)
Will    .....        k - amulet of reflection
Stlth   +            d - +6 ring of dexterity
HPRegen 0.28/turn    (no ring)
MPRegen 0.11/turn

%: reflection
@: weakened
A: sickness immunity, AC +5, negative energy resistance 1, electricity
resistance, torment resistance 1, petrification resistance
a: no special abilities


You were on level 5 of the Dungeon.
You visited 1 branch of the dungeon, and saw 6 of its levels.

You collected 230 gold pieces.


Innate Abilities, Weirdness & Mutations

You are immune to sickness and miasma.
Your stone body is resilient. (AC +5)
You are immune to poison.
You resist negative energy. (rN+)
You are resistant to electric shocks. (rElec)
You are resistant to unholy torment.
You are immune to petrification.


   Skills:
 - Level 5.0 Fighting
 + Level 8.9 Ranged Weapons
 - Level 2.6 Armour
 - Level 2.3 Dodging
 - Level 1.1 Stealth


You had 7 spell levels left.
You didn't know any spells.
Your spell library was empty.

Inventory:

Hand Weapons
 Y - a +0 orcbow (weapon)
Armour
 h - a +0 ring mail of cold resistance (worn)
 j - a +0 robe of willpower
 n - a +2 helmet (worn)
Jewellery
 d - a +6 ring of dexterity (left hand)
 k - an amulet of reflection (around neck)
Scrolls
 m - a scroll of enchant armour
Potions
 a - a potion of invisibility {unknown}
 b - a potion of might {unknown}
 c - a potion of lignification {unknown}
 f - a potion of haste
 g - a potion of attraction {unknown}
 i - a potion of ambrosia {unknown}
 l - a potion of enlightenment
 q - a potion of curing {unknown}

Dungeon Overview and Level Annotations

Branches:
Dungeon (6/15)
 Temple: D:4-7

Altars:
Ashenzari
Dithmenos
Fedhas
Uskayaw
Zin

Annotations:
D:4 1 runed translucent door, qw's ghost, amateur GrHs


Message History

You shoot an arrow.
The arrow barely misses the gnoll bouda.
You hear a shout!
A gnoll comes into view. It is wielding a +0 halberd.
The gnoll bouda hits you with a +0 whip!
The gnoll barely misses you.
3688 ||| STAIRDANCE The gnoll bouda barks out a call to the hunt!
The gnolls pick up the pace!
The gnoll hits you but does no damage.
You climb upwards.
There is a stone staircase leading down here.
You shoot an arrow. The arrow hits the gnoll bouda.
The gnoll bouda is moderately wounded.
The gnoll bouda hits you with a +0 whip.
The gnoll hits you but does no damage.
You shoot an arrow. The arrow hits the gnoll bouda.
The gnoll bouda is heavily wounded.
Your attacks no longer feel as feeble.
You block the gnoll bouda's attack. The gnoll closely misses you.
You shoot an arrow.
The arrow closely misses the gnoll bouda.
You block the gnoll bouda's attack. The gnoll hits you with a +0 flail!
The gnoll bouda hits you with a +0 whip.
The gnoll hits you with a +0 flail!
You shoot an arrow.
The arrow completely misses the gnoll bouda.
The gnoll bouda hits you with a +0 whip.
The gnoll closely misses you.
You shoot an arrow.
The arrow hits the gnoll bouda but does no damage.
The gnoll bouda is heavily wounded.
The gnoll bouda gazes fiercely through you!
You feel your attacks grow feeble.
The gnoll bouda hits you but does no damage.
The gnoll hits you but does no damage.
You shoot an arrow. The arrow hits the gnoll bouda!
You kill the gnoll bouda!
The gnoll hits you with a +0 flail.
You die...

####...........# #.......#
.#.....).......###.......#
.#.####.#.)#####.........#
.#.# #.#.## #..#.......#
...# #.#.# #.##.#######
...# #.#.# ###....#
...####.#.###....###
##...##.#.##..##.#
####.##.#.#..###@# #
#........###g)#
#####....####..##
##........##...##
...#####.....###########
#####.......%%.........#
#####......##....%.....#
...........##..........#
...................#####


You could see a gnoll (swift).

Vanquished Creatures
  Menkaure (D:4)
  A black bear (D:5)
  An ice beast (D:5)
  An ogre (D:5)
  A phantom (D:5)
  A bullfrog (D:5)
  2 scorpions (D:5)
  3 killer bees (D:5)
  A howler monkey (D:5)
  3 hounds
  A gnoll bouda (D:5)
  A sleepcap (D:4)
  2 iguanas
  A gnoll (D:6)
  8 adders
  3 worms
  3 dart slugs
  4 orcs
  10 bats
  5 endoplasms
  4 giant cockroaches
  6 goblins
  3 hobgoblins
  4 quokkas
  2 ball pythons
  4 frilled lizards
  2 kobolds
  3 rats
81 creatures vanquished.

Notes
Turn   | Place    | Note
-------+----------+-------------------------------------------
     0 | D:1      | qw the Gargoyle Hunter began the quest for the Orb.
     0 | D:1      | Reached XP level 1. HP: 12/12 MP: 1/1
     0 | D:1      | 0 ||| qw: Version: 0.3-a-76-g4403597
     0 | D:1      | 0 ||| qw: Game counter: 737
     0 | D:1      | 0 ||| qw: Melee chars always use a shield: true
     0 | D:1      | 0 ||| qw: God list: Okawaru
     0 | D:1      | 0 ||| qw: Allow faded altars: false
     0 | D:1      | 0 ||| qw: Do Orc after clearing Dungeon:15 true
     0 | D:1      | 0 ||| qw: Do second Lair branch before Depths: true
     0 | D:1      | 0 ||| qw: Lair rune preference: random
     0 | D:1      | 0 ||| qw: Goals: Normal
     0 | D:1      | 0 ||| PLANNING D:1-11
    68 | D:1      | Reached XP level 2. HP: 17/17 MP: 2/2
   761 | D:1      | 761 ||| UPGRADING to +0 ring mail of cold resistance.
   771 | D:1      | 771 ||| DROPPING +0 leather armour.
   772 | D:1      | 772 ||| READING scroll labelled SIAMNAD ROACS.
   773 | D:1      | 773 ||| READING scroll labelled VASUATR BUPRINOKH.
   774 | D:1      | 774 ||| READING scroll labelled PIWUOF PUETS.
   875 | D:1      | 875 ||| READING scroll labelled FOSIAS JUSU.
   879 | D:1      | 879 ||| DRINKING 2 bubbling emerald potions.
   880 | D:1      | 880 ||| DROPPING scroll of butterflies.
   881 | D:1      | 881 ||| DROPPING potion of degeneration.
   913 | D:2      | Identified the +10 dagger of Luolirat {flame, rC+ Dex+5}
   968 | D:2      | Reached skill level 1 in Armour
   968 | D:2      | Reached XP level 3. HP: 20/21 MP: 3/3
  1105 | D:2      | Reached skill level 5 in Ranged Weapons
  1165 | D:2      | Reached XP level 4. HP: 27/27 MP: 4/4
  1469 | D:2      | 1469 ||| UPGRADING to +6 ring of dexterity.
  1470 | D:2      | 1470 ||| READING scroll labelled XOYTATRAIW.
  1471 | D:2      | 1471 ||| DRINKING 2 dark potions.
  1472 | D:2      | 1472 ||| DROPPING potion of magic.
  1733 | D:3      | Identified the +4 dagger "Zemud" {venom, rCorr Int+3}
  1936 | D:3      | Reached skill level 3 in Fighting
  2210 | D:3      | 2210 ||| UPGRADING to amulet of reflection.
  2215 | D:3      | 2215 ||| READING scroll labelled AMON SUDUB.
  2216 | D:3      | 2216 ||| DRINKING 2 cyan potions.
  2253 | D:4      | Reached XP level 5. HP: 32/32 MP: 5/5
  2281 | D:4      | 2281 ||| SWAPPING to +0 orcbow.
  2282 | D:4      | 2282 ||| DROPPING +0 shortbow of draining.
  2347 | D:4      | Found a runed translucent door.
  2423 | D:4      | Found a blossoming altar of Fedhas.
  2450 | D:4      | Found a broken altar of Ashenzari.
  2450 | D:4      | Found a hide-covered altar of Uskayaw.
  2504 | D:4      | Reached skill level 6 in Ranged Weapons
  2540 | D:4      | Noticed Menkaure
  2548 | D:4      | Killed Menkaure
  2549 | D:4      | Reached XP level 6. HP: 27/39 MP: 6/6
  2619 | D:4      | Found a shadowy altar of Dithmenos.
  2797 | D:4      | Noticed qw's ghost (amateur GrHs)
  2799 | D:4      | 2799 ||| UPGRADING to +0 helmet.
  2804 | D:4      | 2804 ||| READING 2 scrolls of enchant armour.
  2804 | D:4      | 2804 ||| ENCHANTING +0 helmet.
  2805 | D:4      | 2805 ||| READING scroll of enchant armour.
  2805 | D:4      | 2805 ||| ENCHANTING +1 helmet.
  2806 | D:4      | 2806 ||| READING scroll labelled BEM ZETOOT.
  2807 | D:4      | 2807 ||| READING scroll labelled CUQA AXEMEP.
  2808 | D:4      | 2808 ||| DRINKING 2 metallic pink potions.
  2809 | D:4      | 2809 ||| DRINKING 2 bubbling inky potions.
  2825 | D:5      | Entered Level 5 of the Dungeon
  2872 | D:5      | Reached XP level 7. HP: 36/44 MP: 7/7
  2911 | D:5      | Found a glowing silver altar of Zin.
  2942 | D:5      | Reached skill level 7 in Ranged Weapons
  3148 | D:5      | Reached skill level 8 in Ranged Weapons
  3319 | D:5      | Reached XP level 8. HP: 36/49 MP: 8/8
  3456 | D:5      | HP: 8/49 [killer bee (7)]
  3457 | D:5      | 3457 ||| DRINKING potion of heal wounds.
  3619 | D:5      | 3619 ||| READING scroll labelled WUSHRA WYMARAM.
  3620 | D:5      | 3620 ||| READING scroll labelled ALOEJEH NICANG.
  3636 | D:6      | 3636 ||| STAIRDANCE
  3688 | D:6      | 3688 ||| STAIRDANCE
  3692 | D:5      | HP: 11/49 [gnoll bouda/+0 whip (6)]
  3692 | D:5      | HP: 3/49 [gnoll/+0 flail[a gnoll bouda] (8)]
  3695 | D:5      | Slain by a gnoll

Levels and vault maps discovered:
D:1:      amcnicky_arrival_single_pillar, layout_basic
D:2:      layout_basic, minmay_misc_feat_tiny
D:3:      layout_basic
D:4:      layout_rooms, mainiacjoe_overflow_alcove_2,
          gammafunk_temple_overflow_elements, kennysheep_mini_moat,
          ebering_ghost_reflecting_pool, uniq_menkaure
D:5:      layout_rooms, overflow_temple_1_default, solitary_fountain
D:6:      layout_cave_pools, kennysheep_orc_sif_temple,
          ebering_ghost_reflecting_pool, lightli_corner_chamber

Skill      XL: |  1  2  3  4  5  6  7 |
---------------+----------------------+-----
Armour         | 1 2 |  2.6
Ranged Weapons | 5 6 8 |  8.9
Fighting       | 3 4 5 |  5.0
Dodging        | 2 |  2.3
Stealth        | |  1.1

Action                     |  1- 3 |  4- 6 |  7- 9 || total
---------------------------+-------+-------+-------++-------
   Fire: Shortbow          |    91 |    48 |       ||   139
         Orcbow            |       |    71 |   153 ||   224
    Use: Scroll            |     4 |     6 |     2 ||    12
         Potion            |     1 |     4 |     1 ||     6
 Armour: Leather armour    |     9 |       |       ||     9
         Ring mail         |     8 |    25 |   159 ||   192
  Dodge: Dodged            |    12 |    22 |   130 ||   164
  Block: Other             |       |     6 |    55 ||    61

Table legend:
 A = Non-vault XP
 B = Vault XP
 C = Vault XP percentage of total XP
 D = Non-vault monster count
 E = Vault monster count
 F = Vault count percentage of total count
                 A         B        C        D         E       F
            +---------+---------+-------+---------+---------+-------
      Total |    1478 |     165 |  10.0 |      80 |       1 |   1.2
            +---------+---------+-------+---------+---------+-------
        D:1 |      26 |       0 |   0.0 |      14 |       0 |   0.0
        D:2 |      71 |       0 |   0.0 |      23 |       0 |   0.0
        D:3 |      28 |       0 |   0.0 |       8 |       0 |   0.0
        D:4 |     192 |     165 |  46.2 |      13 |       1 |   7.1
        D:5 |    1147 |       0 |   0.0 |      21 |       0 |   0.0
        D:6 |      14 |       0 |   0.0 |       1 |       0 |   0.0
            +---------+---------+-------+---------+---------+-------
